EL
SPRINGFIELD CARDINALS @ HARRISBURG SENATORS
10/15/2047
 
TOP OF THE 1ST
Louisiana State University Tigers batting - Pitching for University of Conneticut Huskies : RHP Fidel Alonso
Pitching: RHP Fidel Alonso
Batting: RHB Jim Unknown 0-0: Called Strike
0-1: Swinging Strike
0-2: Ball
1-2: Strikes out swinging
Batting: LHB Jim Unknown 0-0: Swinging Strike
0-1: Foul Ball, location: 2F
0-2: Ball
1-2: SOLO HOME RUN (Flyball, 9LD, EV 92.5 MPH), Distance : 336 ft
Batting: RHB Jim Unknown 0-0: Swinging Strike
0-1: Ball
1-1: Foul Ball, location: 2F
1-2: Strikes out looking
Batting: LHB Jim Unknown 0-0: Called Strike
0-1: Swinging Strike
0-2: Ball
1-2: Strikes out swinging
Top of the 1st over - 1 run, 1 hit, 0 errors, 0 left on base; Louisiana State University 1 - University of Conneticut 0
BOTTOM OF THE 1ST
University of Conneticut Huskies batting - Pitching for Louisiana State University Tigers : LHP Jim Unknown
Pitching: LHP Jim Unknown
Batting: LHB Enzo Aguello 0-0: Ball
1-0: Called Strike
1-1: Foul Ball, location: 2F
1-2: DOUBLE (Flyball, 78XD, EV 97.5 MPH)
Batting: RHB Brendan Garoutte 0-0: Ground out 5-3 (Groundball, 5L, EV 80.6 MPH)
Batting: LHB Bill Kovac 0-0: Ball
1-0: SINGLE (Groundball, 4MD, EV 103.8 MPH)
Enzo Aguello to third
Runner from 3rd tries for Home, SAFE, throw by CF to home
Bill Kovac to second
Batting: RHB Bill Stern 0-0: Ball
1-0: Ball
2-0: Ball
3-0: Base on Balls
Batting: LHB Fumito Sakurai 0-0: Ball
1-0: Ball
2-0: Foul Ball, location: 2F
2-1: Ball
3-1: Called Strike
3-2: SINGLE (Groundball, 34S, EV 67.5 MPH) (infield hit)
Bill Kovac to third
Bill Stern to second
Batting: RHB Scott Webb 0-0: Called Strike
0-1: Swinging Strike
0-2: SINGLE (Groundball, 4MD, EV 104.4 MPH)
Bill Kovac scores
Bill Stern to third
Fumito Sakurai to second
Runner from 3rd tries for Home, SAFE, throw by CF to home
Batting: RHB Juan Vasquez 0-0: Fielders Choice at 2nd, 5-4 (Groundball, 56S, EV 78.8 MPH)
Fumito Sakurai to third
Batting: RHB Alejandro Collazo 0-0: Ground out 4-3 (Groundball, 34, EV 87.5 MPH)
Bottom of the 1st over - 3 runs, 4 hits, 0 errors, 2 left on base; Louisiana State University 1 - University of Conneticut 3
TOP OF THE 2ND
Louisiana State University Tigers batting - Pitching for University of Conneticut Huskies : RHP Fidel Alonso
Batting: RHB Jim Unknown 0-0: Called Strike
0-1: Swinging Strike
0-2: Strikes out swinging
Batting: RHB Jim Unknown 0-0: Ball
1-0: Ball
2-0: Ball
3-0: Called Strike
3-1: Ground out U3 (Groundball, 34, EV 90.0 MPH)
Batting: RHB Jim Unknown 0-0: Foul Ball, location: 2F
0-1: Ball
1-1: Called Strike
1-2: Ball
2-2: Ball
3-2: Strikes out swinging
Top of the 2nd over - 0 runs, 0 hits, 0 errors, 0 left on base; Louisiana State University 1 - University of Conneticut 3
BOTTOM OF THE 2ND
University of Conneticut Huskies batting - Pitching for Louisiana State University Tigers : LHP Jim Unknown
Batting: RHB Devon House 0-0: Ground out 4-3 (Groundball, 34, EV 86.9 MPH)
Batting: LHB Enzo Aguello 0-0: Ground out 5-3 (Groundball, 5L, EV 87.5 MPH)
Batting: RHB Brendan Garoutte 0-0: Called Strike
0-1: Ball
1-1: SINGLE (Groundball, 6MS, EV 68.1 MPH) (infield hit)
Batting: LHB Bill Kovac 0-0: Foul Ball, location: 2F
0-1: Ball
1-1: Ball
2-1: Foul Ball, location: 2F
2-2: Ball
3-2: Foul Ball, location: 2F
3-2: Base on Balls
Brendan Garoutte to second
Batting: RHB Bill Stern 0-0: Foul Ball, location: 2F
0-1: Ball
1-1: Foul Ball, location: 2F
1-2: Ball
2-2: 3-RUN HOME RUN (Flyball, 8LXD, EV 115.6 MPH), Distance : 460 ft
Batting: LHB Fumito Sakurai 0-0: Swinging Strike
0-1: Ground out 3-1 (Groundball, 34, EV 103.1 MPH)
Bottom of the 2nd over - 3 runs, 2 hits, 0 errors, 0 left on base; Louisiana State University 1 - University of Conneticut 6
TOP OF THE 3RD
Louisiana State University Tigers batting - Pitching for University of Conneticut Huskies : RHP Fidel Alonso
Batting: RHB Jim Unknown 0-0: Called Strike
0-1: Ball
1-1: Ball
2-1: Called Strike
2-2: Ball
3-2: SINGLE (Flyball, 8LS, EV 99.4 MPH)
Batting: LHB Jim Unknown 0-0: Ball
1-0: Called Strike
1-1: Foul Ball, location: 2F
1-2: Ball
2-2: Strikes out swinging
Batting: RHB Jim Unknown 0-0: Foul Ball, location: 2F
0-1: Ball
1-1: Called Strike
1-2: Strikes out looking
Batting: LHB Jim Unknown 0-0: Ball
1-0: Swinging Strike
1-1: Swinging Strike
1-2: Strikes out swinging
Top of the 3rd over - 0 runs, 1 hit, 0 errors, 1 left on base; Louisiana State University 1 - University of Conneticut 6
BOTTOM OF THE 3RD
University of Conneticut Huskies batting - Pitching for Louisiana State University Tigers : LHP Jim Unknown
Batting: RHB Scott Webb 0-0: Called Strike
0-1: Ball
1-1: Ball
2-1: Reached on error, E5 (Groundball, 5, EV 88.8 MPH)
Pitching: RHP Jim Unknown
Batting: RHB Juan Vasquez 0-0: Foul Ball, location: 2F
0-1: Foul Ball, location: 2F
0-2: Strikes out looking
Batting: RHB Alejandro Collazo 0-0: Called Strike
0-1: Ground out 6-3 (Groundball, 56, EV 80.0 MPH)
Batting: RHB Devon House 0-0: 2-RUN HOME RUN (Flyball, 78XD, EV 115.0 MPH), Distance : 442 ft
Batting: LHB Enzo Aguello 0-0: Foul Ball, location: 2F
0-1: Foul Ball, location: 2F
0-2: Ball
1-2: Strikes out swinging
Bottom of the 3rd over - 2 runs, 1 hit, 1 error, 0 left on base; Louisiana State University 1 - University of Conneticut 8
TOP OF THE 4TH
Louisiana State University Tigers batting - Pitching for University of Conneticut Huskies : RHP Fidel Alonso
Batting: RHB Jim Unknown 0-0: Swinging Strike
0-1: SINGLE (Groundball, 56, EV 95.6 MPH) (infield hit)
Batting: LHB Jim Unknown 0-0: Ball
1-0: Called Strike
1-1: Called Strike
1-2: Ball
2-2: Foul Ball, location: 2F
2-2: Strikes out swinging
Batting: RHB Jim Unknown 0-0: Called Strike
0-1: Swinging Strike
0-2: Strikes out swinging
Batting: RHB Jim Unknown 0-0: Fielders Choice at 2nd, 6-4 (Groundball, 6, EV 79.4 MPH)
Top of the 4th over - 0 runs, 1 hit, 0 errors, 1 left on base; Louisiana State University 1 - University of Conneticut 8
BOTTOM OF THE 4TH
University of Conneticut Huskies batting - Pitching for Louisiana State University Tigers : RHP Jim Unknown
Batting: RHB Brendan Garoutte 0-0: Fly out, F9 (Flyball, 89S, EV 83.8 MPH)
Batting: LHB Bill Kovac 0-0: Called Strike
0-1: Foul Ball, location: 2F
0-2: Ball
1-2: Foul Ball, location: 2F
1-2: Ball
2-2: Foul Ball, location: 2F
2-2: Foul Ball, location: 2F
2-2: Ball
3-2: Foul Ball, location: 2F
3-2: SOLO HOME RUN (Line Drive, 8RXD, EV 118.1 MPH), Distance : 492 ft
Batting: RHB Bill Stern 0-0: Ball
1-0: Foul Ball, location: 2F
1-1: Ball
2-1: DOUBLE (Line Drive, 89D, EV 106.9 MPH)
Batting: LHB Fumito Sakurai 0-0: Ball
1-0: Ball
2-0: Foul Ball, location: 2F
2-1: Fly out, F4 (Line Drive, 4, EV 66.2 MPH)
Batting: RHB Scott Webb 0-0: Ground out 6-3 (Groundball, 6, EV 103.8 MPH)
Bottom of the 4th over - 1 run, 2 hits, 0 errors, 1 left on base; Louisiana State University 1 - University of Conneticut 9
TOP OF THE 5TH
Louisiana State University Tigers batting - Pitching for University of Conneticut Huskies : RHP Fidel Alonso
Pitching: RHP Gustavo Garza
Batting: RHB Jim Unknown 0-0: Called Strike
0-1: Ball
1-1: Ball
2-1: Ball
3-1: Swinging Strike
3-2: Foul Ball, location: 2F
3-2: SINGLE (Groundball, 4MS, EV 68.1 MPH) (infield hit)
Batting: RHB Jim Unknown 0-0: Foul Ball, location: 2F
0-1: Fly out, F8 (Flyball, 89XD, EV 95.6 MPH)
Batting: LHB Jim Unknown 0-0: Foul Ball, location: 2F
0-1: Swinging Strike
0-2: Ball
1-2: Ball
2-2: Ball
3-2: Strikes out swinging
Batting: RHB Jim Unknown 0-0: Ball
1-0: Foul Ball, location: 2F
1-1: Ball
2-1: Foul Ball, location: 2F
2-2: Foul Ball, location: 2F
2-2: Ball
3-2: Base on Balls
Jim Unknown to second
Batting: LHB Jim Unknown 0-0: Called Strike
0-1: Foul Ball, location: 2F
0-2: Foul Ball, location: 2F
0-2: Strikes out looking
Top of the 5th over - 0 runs, 1 hit, 0 errors, 2 left on base; Louisiana State University 1 - University of Conneticut 9
BOTTOM OF THE 5TH
University of Conneticut Huskies batting - Pitching for Louisiana State University Tigers : RHP Jim Unknown
Batting: RHB Juan Vasquez 0-0: Ball
1-0: Called Strike
1-1: Ground out U3 (Groundball, 3, EV 91.9 MPH)
Batting: RHB Alejandro Collazo 0-0: Foul Ball, location: 2F
0-1: Ground out 5-3 (Groundball, 56, EV 81.9 MPH)
Batting: RHB Devon House 0-0: Ball
1-0: Ground out 6-3 (Groundball, 6, EV 80.6 MPH)
Bottom of the 5th over - 0 runs, 0 hits, 0 errors, 0 left on base; Louisiana State University 1 - University of Conneticut 9
TOP OF THE 6TH
Louisiana State University Tigers batting - Pitching for University of Conneticut Huskies : RHP Gustavo Garza
Batting: RHB Jim Unknown 0-0: Ground out 4-3 (Groundball, 34, EV 89.4 MPH)
Batting: LHB Jim Unknown 0-0: Ball
1-0: Swinging Strike
1-1: Ground out 5-3 (Groundball, 56S, EV 65.6 MPH)
Batting: RHB Jim Unknown 0-0: Ball
1-0: Foul Ball, location: 2F
1-1: Ball
2-1: Called Strike
2-2: Foul Ball, location: 2F
2-2: Foul Ball, location: 2F
2-2: Ground out 6-3 (Groundball, 56, EV 90.6 MPH)
Top of the 6th over - 0 runs, 0 hits, 0 errors, 0 left on base; Louisiana State University 1 - University of Conneticut 9
BOTTOM OF THE 6TH
University of Conneticut Huskies batting - Pitching for Louisiana State University Tigers : RHP Jim Unknown
Pinch Hitting: SHB Ismael Vega 0-0: Called Strike
0-1: Ball
1-1: Fly out, F4 (Popup, 34S, EV 85.6 MPH)
Batting: RHB Brendan Garoutte 0-0: Ball
1-0: Called Strike
1-1: Ball
2-1: Ground out 5-3 (Groundball, 56S, EV 86.2 MPH)
Pinch Hitting: LHB Andrew Barzee 0-0: Called Strike
0-1: Ball
1-1: Foul Ball, location: 2F
1-2: Ball
2-2: Foul Ball, location: 2F
2-2: Ball
3-2: Foul Ball, location: 2F
3-2: Foul Ball, location: 2F
3-2: Foul Ball, location: 2F
3-2: SINGLE (Groundball, 34D, EV 99.4 MPH)
Batting: RHB Hugo Priego 0-0: Fly out, F7 (Flyball, 7, EV 93.8 MPH)
Bottom of the 6th over - 0 runs, 1 hit, 0 errors, 1 left on base; Louisiana State University 1 - University of Conneticut 9
TOP OF THE 7TH
Louisiana State University Tigers batting - Pitching for University of Conneticut Huskies : RHP Gustavo Garza
Now at 1B: Paul Pastrano
Now in LF: Andrew Barzee
Batting: RHB Jim Unknown 0-0: Ball
1-0: Ball
2-0: Called Strike
2-1: Swinging Strike
2-2: Ball
3-2: Fly out, F7 (Line Drive, 7, EV 104.4 MPH)
Batting: RHB Jim Unknown 0-0: Called Strike
0-1: Foul Ball, location: 2F
0-2: Ball
1-2: Foul Ball, location: 2F
1-2: Foul Ball, location: 2F
1-2: Ball
2-2: Fly out, F2 (Popup, 25F, EV 82.5 MPH)
Batting: RHB Jim Unknown 0-0: Ball
1-0: Called Strike
1-1: Foul Ball, location: 2F
1-2: SINGLE (Groundball, 4D, EV 95.0 MPH)
Batting: LHB Jim Unknown 0-0: Fly out, F5 (Popup, 5S, EV 83.1 MPH)
Top of the 7th over - 0 runs, 1 hit, 0 errors, 1 left on base; Louisiana State University 1 - University of Conneticut 9
BOTTOM OF THE 7TH
University of Conneticut Huskies batting - Pitching for Louisiana State University Tigers : RHP Jim Unknown
Pitching: RHP Jim Unknown
Batting: LHB Fumito Sakurai 0-0: Ball
1-0: Foul Ball, location: 2F
1-1: Foul Ball, location: 2F
1-2: Strikes out looking
Pinch Hitting: LHB Clint Hanninen 0-0: Ball
1-0: Ground out 6-3 (Groundball, 6, EV 92.5 MPH)
Batting: RHB Juan Vasquez 0-0: Called Strike
0-1: Fly out, F5 (Line Drive, 5, EV 65.0 MPH)
Bottom of the 7th over - 0 runs, 0 hits, 0 errors, 0 left on base; Louisiana State University 1 - University of Conneticut 9
TOP OF THE 8TH
Louisiana State University Tigers batting - Pitching for University of Conneticut Huskies : RHP Gustavo Garza
Now at 2B: Clint Hanninen
Batting: RHB Jim Unknown 0-0: Ball
1-0: SINGLE (Groundball, 56D, EV 106.2 MPH)
Pitching: RHP Ayub Shukrani
Batting: LHB Jim Unknown 0-0: Called Strike
0-1: Called Strike
0-2: Ball
1-2: Foul Ball, location: 2F
1-2: Foul Ball, location: 2F
1-2: SINGLE (Groundball, 3D, EV 107.5 MPH)
Jim Unknown to second
Batting: RHB Jim Unknown 0-0: Swinging Strike
0-1: Foul Ball, location: 2F
0-2: Ball
1-2: Ball
2-2: Ball
3-2: Fielders Choice at 2nd, 5-4 (Groundball, 56, EV 108.1 MPH)
Jim Unknown to third
Batting: LHB Jim Unknown 0-0: Ball
1-0: Called Strike
1-1: Ball
2-1: Called Strike
2-2: SINGLE (Flyball, 89S, EV 92.5 MPH)
Jim Unknown scores
Jim Unknown to second
Batting: RHB Jim Unknown 0-0: Called Strike
0-1: Ball
1-1: Foul Ball, location: 2F
1-2: Foul Ball, location: 2F
1-2: Strikes out looking
Batting: RHB Jim Unknown 0-0: Ball
1-0: Ball
2-0: Fly out, F6 (Line Drive, 6, EV 65.6 MPH)
Top of the 8th over - 1 run, 3 hits, 0 errors, 2 left on base; Louisiana State University 2 - University of Conneticut 9
BOTTOM OF THE 8TH
University of Conneticut Huskies batting - Pitching for Louisiana State University Tigers : RHP Jim Unknown
Batting: RHB Alejandro Collazo 0-0: Called Strike
0-1: Ball
1-1: Foul Ball, location: 2F
1-2: Ground out 5-3 (Groundball, 56, EV 83.8 MPH)
Batting: RHB Devon House 0-0: Foul Ball, location: 2F
0-1: SINGLE (Groundball, 6MD, EV 99.4 MPH)
Batting: RHB Paul Pastrano 0-0: Called Strike
0-1: Called Strike
0-2: Ball
1-2: Foul Ball, location: 2F
1-2: DOUBLE (Flyball, 78D, EV 110.6 MPH)
Devon House to third
Pinch Hitting: LHB Ivan Pina 0-0: Called Strike
0-1: Foul Ball, location: 2F
0-2: Ball
1-2: Foul Ball, location: 2F
1-2: Strikes out swinging
Batting: LHB Andrew Barzee 0-0: Ball
1-0: TRIPLE (Flyball, 9LD, EV 105.0 MPH)
Devon House scores
Paul Pastrano scores
Batting: SHB Chris Handelman 0-0: Ground out 4-3 (Groundball, 4, EV 93.8 MPH)
Bottom of the 8th over - 2 runs, 3 hits, 0 errors, 1 left on base; Louisiana State University 2 - University of Conneticut 11
TOP OF THE 9TH
Louisiana State University Tigers batting - Pitching for University of Conneticut Huskies : RHP Ayub Shukrani
Now in CF: Cody Leonard
Pinch Hitting: RHB Jim Unknown 0-0: Ball
1-0: SINGLE (Line Drive, 3D, EV 100.0 MPH)
Batting: RHB Jim Unknown 0-0: Foul Ball, location: 2F
0-1: Called Strike
0-2: Ball
1-2: Foul Ball, location: 2F
1-2: Foul Ball, location: 2F
1-2: Foul Ball, location: 2F
1-2: Foul Ball, location: 2F
1-2: Fielders Choice at 2nd, 6-4 (Groundball, 6, EV 106.2 MPH)
Batting: LHB Jim Unknown 0-0: Fly out, F5 (Line Drive, 5, EV 75.0 MPH)
Batting: RHB Jim Unknown 0-0: SINGLE (Groundball, 6, EV 98.8 MPH)
Jim Unknown to second
Batting: LHB Jim Unknown 0-0: Swinging Strike
0-1: Foul Ball, location: 2F
0-2: Ball
1-2: Ball
2-2: Foul Ball, location: 2F
2-2: Strikes out swinging
Top of the 9th over - 0 runs, 2 hits, 0 errors, 2 left on base; Louisiana State University 2 - University of Conneticut 11
Thursday, December 15th , 2022 - OOTP Baseball 23.9 Build 102